 Dungeon Crawl Stone Soup version 0.32-a0-791-gfc315c9ecd (webtiles) character file.

Game seed: 6057367619962911949

338 Xavori the Trooper (level 6, -1/47 HPs)
             Began as a Djinni Chaos Knight on Mar 20, 2024.
             Was a Plaything of Xom.
             Slain by a gnoll
             ... wielding a +0 flail
              (9 damage)
             ... on level 4 of the Dungeon on Mar 21, 2024.
             The game lasted 00:03:59 (11642 turns).

Xavori the Trooper (Djinni Chaos Knight)           Turns: 11642, Time: 00:04:00

Health: -1/47      AC:  7    Str: 11    XL:     6   Next: 86%
Gold:   152        EV: 12    Int: 14    God:    Xom [......] SH:  0 Dex: 22

rFire   + + .        a - +0 falchion (chaos)
rCold   x . .        (no shield)
rNeg    . . .        b - +2 leather armour
rPois   ∞            (no helmet)
rElec   .            (no cloak)
rCorr   .            (no gloves)
SInv    .            (boots unavailable)
Will    +....        (no amulet)
Stlth   +++          l - +6 ring of dexterity
HPRegen 0.27/turn    (no ring)
MPRegen 0.00/turn

%: infuse magic (-2 HP)
@: flying, very slightly contaminated, invisible
A: sickness immunity, fire resistance 2, cold vulnerability 1, float, innate
caster, HP casting, extra vitality 1, iridescent scales 1, thin skeletal
structure 1, strong-willed 1, inability to read after injury 1, persistent drain
a: Renounce Religion


You were on level 4 of the Dungeon.
You worshipped Xom.
You were a very special plaything of Xom.
You visited 1 branch of the dungeon, and saw 4 of its levels.

You collected 152 gold pieces.

Inventory:

Hand Weapons
 a - a +0 falchion of chaos (weapon)
Armour
 b - a +2 leather armour (worn)
 i - a +0 helmet
Jewellery
 l - a +6 ring of dexterity (left hand)
Scrolls
 c - a scroll of butterflies
 k - a scroll of revelation {unknown}
 o - a scroll of enchant armour {unknown}
 p - a scroll of fog {unknown}
Potions
 d - a potion of curing {unknown}
 e - a potion of cancellation {unknown}
 f - a potion of resistance {unknown}
 g - a potion of heal wounds {unknown}
 h - 2 potions of lignification {unknown}
 j - a potion of ambrosia {unknown}
 m - a potion of invisibility
 n - a potion of haste {unknown}


   Skills:
 + Level 3.9 Fighting
 + Level 3.5 Long Blades
 + Level 2.6 Armour
 + Level 3.5 Dodging
 * Level 2.7 Spellcasting
 * Level 2.7 Conjurations
 * Level 2.7 Hexes
 * Level 2.7 Summonings
 * Level 2.7 Necromancy
 * Level 2.7 Translocations
 * Level 2.7 Fire Magic
 * Level 2.7 Ice Magic
 * Level 2.7 Air Magic
 * Level 2.7 Earth Magic
 * Level 2.7 Alchemy


You knew the following spells:

 Your Spells              Type           Power      Damage    Failure   Level
a - Sandblast             Erth           18%        2d7       10%         1
b - Static Discharge      Conj/Air       18%        3-4/arc   14%         2
Your spell library was empty.

Dungeon Overview and Level Annotations

Branches:
Dungeon (4/15)
 Temple: D:4-7

Altars:
Xom
Yredelemnul

Annotations:
D:1 2 transporters


Innate Abilities, Weirdness & Mutations

You are immune to sickness and miasma.
You are immune to poison.
Your flesh is very heat resistant. (rF++)
You are vulnerable to cold. (rC-)
You float through the air rather than walking.
You learn spells naturally, not from books.
Your magical power is your life essence.
You have superior vitality. (+4 MHP)
You are partially covered in iridescent scales. (AC +2)
You have a somewhat thin skeletal structure. (Dex +2, Stealth+)
You are strong-willed. (Will+)
You occasionally lose the ability to read scrolls when taking damage.
Your health recovers twice as slowly from being drained.


Message History

Unknown command.
Unknown command.
Casting: Static Discharge (safe; 14% risk of failure)
Confirm with . or Enter, or press ? or * to list all spells.
The gnoll is struck by an arc of lightning.
The gnoll is moderately wounded.
The gnoll is struck by an arc of lightning.
The gnoll is moderately wounded.
The lightning grounds out.
The gnoll is struck by an arc of lightning.
The gnoll is moderately wounded.
You are struck by an arc of lightning.
The gnoll hits you with a +0 flail.
* * * LOW HITPOINT WARNING * * *
The gnoll closely misses you. The gnoll barely misses you.
Unknown command.
Unknown command.
Unknown command.
Casting: Static Discharge (safe; 14% risk of failure)
Confirm with . or Enter, or press ? or * to list all spells.
You miscast Static Discharge.
Nothing appears to happen.
* * * LOW HITPOINT WARNING * * *
The gnoll closely misses you.
The gnoll hits you from afar with a +0 spear.
* * * LOW HITPOINT WARNING * * *
The gnoll completely misses you.
Unknown command.
Unknown command.
Unknown command.
Okay, then.
It was a potion of invisibility.
You fade into invisibility!
The gnoll barely misses you. The gnoll closely misses you.
The gnoll hits you but does no damage.
You closely miss the gnoll.
The gnoll is moderately wounded.
The gnoll closely misses you.
You slash the gnoll!
You kill the gnoll!
You barely miss the gnoll. The gnoll hits you with a +0 flail!
You die...

###########
#.........#
#.........#
#.........#
#.........#
#.........#
###########.........#
...:.........@g.g..##
.........†.......>.#
.......)..†...g....#
...................#
...................#
...................#
###J####'#########...
#.. [.. .#. #. '...


You could see 3 gnolls.

Vanquished Creatures
  An orc priest (D:3)
  Jessica (D:2)
  Natasha (twice) (D:2)
  Robin (D:2)
  4 gnolls (D:4)
  7 adders
  2 dart slugs
  A ribbon worm (D:4)
  13 orcs (D:3)
  4 endoplasms
  3 giant cockroaches
  13 goblins
  7 hobgoblins
  12 jackals
  5 kobolds
  A quokka (D:2)
  7 ball pythons
  2 bats
  A frilled lizard (D:1)
  A rat (D:1)
88 creatures vanquished.

Vanquished Creatures (others)
  An orc priest (D:3)
  A rat (D:2)
2 creatures vanquished.

Grand Total: 90 creatures vanquished

Notes
Turn   | Place    | Note
-------+----------+-------------------------------------------
     0 | D:1      | Xavori the Djinni Chaos Knight began the quest for the Orb.
     0 | D:1      | Reached XP level 1. HP: 20/20 MP: 0/0
    57 | D:1      | XOM: silly message
   322 | D:1      | Reached XP level 2. HP: 25/25 MP: 0/0
   388 | D:1      | XOM: silly message
   401 | D:1      | XOM: silly message
   527 | D:1      | XOM: silly message
   587 | D:1      | XOM: silly message
   817 | D:2      | XOM: potion effect (haste)
   825 | D:2      | Reached XP level 3. HP: 28/30 MP: 0/0
   825 | D:2      | Learned a level 1 spell: Sandblast
  1223 | D:1      | XOM: silly message
  1942 | D:1      | XOM is BORED!
  2113 | D:1      | XOM: silly message
  2327 | D:1      | XOM: give mutations
  2327 | D:1      | Gained mutation: You are dopey. (Int -2) [Xom's mischief]
  2327 | D:1      | Gained mutation: You expend health (3 HP) to strengthen
                  | your wands. [Xom's mischief]
  2327 | D:1      | Gained mutation: You occasionally lose the ability to read
                  | scrolls when taking damage. [Xom's mischief]
  2423 | D:1      | XOM: god gift: lajatang {god gift}
  2954 | D:1      | XOM: silly message
  3186 | D:1      | XOM: give mutation
  3186 | D:1      | Gained mutation: You are very dopey. (Int -4) [Xom's
                  | mischief]
  3800 | D:1      | XOM: cloud trail
  5459 | D:1      | XOM: give mutations
  5459 | D:1      | Lost mutation: You are very dopey. (Int -4) [Xom's grace]
  5459 | D:1      | Gained mutation: You have a somewhat thin skeletal
                  | structure. (Dex +2, Stealth+) [Xom's grace]
  5459 | D:1      | Gained mutation: You have very sharp teeth. [Xom's grace]
  5924 | D:1      | XOM: god gift: 41 gold pieces
  6799 | D:1      | XOM: god gift: scroll labelled XIEPRU MUCS {god gift}
  7199 | D:1      | XOM is BORED!
  7685 | D:1      | XOM: cloud trail
  7902 | D:1      | XOM is BORED!
  8245 | D:1      | XOM: stat loss: -1 Int (10/11)
  9023 | D:1      | XOM: give mutation
  9023 | D:1      | Gained mutation: You are very dopey. (Int -4) [Xom's
                  | mischief]
  9117 | D:1      | XOM: give mutations
  9117 | D:1      | Lost mutation: You are very dopey. (Int -4) [Xom's
                  | mischief]
  9117 | D:1      | Gained mutation: You are partially covered in iridescent
                  | scales. (AC +2) [Xom's mischief]
  9311 | D:1      | XOM: give mutations
  9311 | D:1      | Gained mutation: You possess an exceptional clarity of
                  | mind. [Xom's mischief]
  9311 | D:1      | Gained mutation: You are weak. (Str -2) [Xom's mischief]
  9314 | D:1      | XOM: give mutations
  9314 | D:1      | Lost mutation: You are dopey. (Int -2) [Xom's mischief]
  9314 | D:1      | Lost mutation: You are partially covered in iridescent
                  | scales. (AC +2) [Xom's mischief]
  9314 | D:1      | Lost mutation: You are weak. (Str -2) [Xom's mischief]
  9436 | D:1      | XOM: scenery: create altars
  9462 | D:2      | Reached skill level 1 in Spellcasting
  9462 | D:2      | Reached skill level 1 in Conjurations
  9462 | D:2      | Reached skill level 1 in Hexes
  9462 | D:2      | Reached skill level 1 in Summonings
  9462 | D:2      | Reached skill level 1 in Necromancy
  9462 | D:2      | Reached skill level 1 in Translocations
  9462 | D:2      | Reached skill level 1 in Fire Magic
  9462 | D:2      | Reached skill level 1 in Ice Magic
  9462 | D:2      | Reached skill level 1 in Air Magic
  9462 | D:2      | Reached skill level 1 in Earth Magic
  9462 | D:2      | Reached skill level 1 in Alchemy
  9520 | D:2      | Noticed Natasha
  9524 | D:2      | XOM: cleaving
  9530 | D:2      | Killed Natasha
  9531 | D:2      | Reached XP level 4. HP: 25/35 MP: 0/0
  9751 | D:2      | Noticed Robin
  9802 | D:2      | Killed Robin
  9859 | D:2      | Reached XP level 5. HP: 37/40 MP: 0/0
  9859 | D:2      | Learned a level 2 spell: Static Discharge
 10202 | D:2      | Noticed Natasha
 10208 | D:2      | Killed Natasha
 10281 | D:2      | XOM: destruction
 10318 | D:2      | Noticed Jessica
 10325 | D:2      | Killed Jessica
 10515 | D:3      | Reached XP level 6. HP: 6/47 MP: 0/0
 10960 | D:3      | Found a faded altar of an unknown god.
 10982 | D:3      | XOM: give mutations
 10982 | D:3      | Lost mutation: You have very sharp teeth. [Xom's mischief]
 10982 | D:3      | Gained mutation: You are partially covered in iridescent
                  | scales. (AC +2) [Xom's mischief]
 10982 | D:3      | Gained mutation: You have a pair of small horns on your
                  | head. [Xom's mischief]
 10982 | D:3      | Gained mutation: Your health recovers twice as slowly from
                  | being drained. [Xom's mischief]
 11195 | D:3      | XOM: silly message
 11348 | D:4      | Found a shimmering altar of Xom.
 11350 | D:4      | Found a basalt altar of Yredelemnul.
 11450 | D:4      | XOM: give mutations
 11450 | D:4      | Lost mutation: You have a pair of small horns on your head.
                  | [Xom's mischief]
 11450 | D:4      | Gained mutation: You are strong-willed. (Will+) [Xom's
                  | mischief]
 11450 | D:4      | Lost mutation: You possess an exceptional clarity of mind.
                  | [Xom's mischief]
 11450 | D:4      | Lost mutation: You expend health (3 HP) to strengthen your
                  | wands. [Xom's mischief]
 11490 | D:4      | XOM: 1-stop teleportation journey
 11642 | D:4      | Slain by a gnoll

Illustrated notes

Levels and vault maps discovered:
D:1:      spicycebolla_arrival_transporter_tutorial, layout_basic,
          minmay_misc_feat_chi, nicolae_eternal_life
D:2:      layout_loops_corners, uniq_robin, uniq_natasha, uniq_jessica
D:3:      layout_loops_ring, shapermc_ecumenical_altar_rom_forum
D:4:      layout_gridville, chequers_temple_overflow_statue_of_worship

Skill      XL: |  1  2  3  4  5 |
---------------+----------------+-----
Spellcasting   | 1 2 |  2.7
Conjurations   | 1 2 |  2.7
Hexes          | 1 2 |  2.7
Summonings     | 1 2 |  2.7
Necromancy     | 1 2 |  2.7
Translocations | 1 2 |  2.7
Fire Magic     | 1 2 |  2.7
Ice Magic      | 1 2 |  2.7
Air Magic      | 1 2 |  2.7
Earth Magic    | 1 2 |  2.7
Alchemy        | 1 2 |  2.7
Long Blades    | 3 |  3.5
Armour         | 2 |  2.6
Dodging        | 3 |  3.5
Fighting       | |  3.9

Action                     |  1- 3 |  4- 6 || total
---------------------------+-------+-------++-------
  Melee: Falchion          |    54 |   174 ||   228
         Bite              |     2 |    11 ||    13
         Headbutt          |       |    11 ||    11
   Cast: Static Discharge  |       |     7 ||     7
    Use: Scroll            |     1 |     1 ||     2
         Potion            |       |     1 ||     1
   Stab: Sleeping          |     1 |    10 ||    11
         Distracted        |     1 |       ||     1
 Armour: Leather armour    |    26 |   136 ||   162
  Dodge: Dodged            |    31 |   124 ||   155

Table legend: (Time is in decaauts)
 A = Elapsed time spent in this place.
 B = Non-inter-level travel time spent in this place.
 C = Inter-level travel time spent in this place.
 D = Time resting spent in this place.
 E = Time spent auto-exploring this place.
 F = Levels seen in this place.
 G = Mean time per level.
                   A        B        C        D        E       F      G
               +--------+--------+--------+--------+--------+-----+--------+
         Total |  11656 |  11583 |     73 |   8890 |   2057 |   4 | 2914.0 |
       Dungeon |  11656 |  11583 |     73 |   8890 |   2057 |   4 | 2914.0 |
               +--------+--------+--------+--------+--------+-----+--------+

Top non-repeatable levels by time:
     D:1: 9388 daAuts
     D:2: 1243 daAuts
     D:3: 659 daAuts
     D:4: 364 daAuts
